 Dungeon Crawl Stone Soup version 0.29.1-2-gbd0b4ee654 (webtiles) character file.

Game seed: 15789519273004169159

871 cowcol the Chopper (level 7, -5/61 HPs)
             Began as a Red Draconian Berserker on Nov 24, 2022.
             Was a Priest of Trog.
             Slain by Prince Ribbit (16 damage)
             ... on level 7 of the Dungeon.
             The game lasted 00:17:33 (5921 turns).

cowcol the Chopper (Red Draconian Berserker)        Turns: 5921, Time: 00:17:33

Health: -5/61      AC:  7    Str: 21    XL:     7   Next: 73%
Magic:  7/7        EV: 13    Int:  7    God:    Trog [***...]
Gold:   328        SH:  0    Dex: 11    Spells: 6/6 levels left

rFire   + . .      SeeInvis .   r - +1 war axe
rCold   . . .      Faith    .   v - orb {guile}
rNeg    . . .      Spirit   .   (body armour unavailable)
rPois   .          Reflect  .   (helmet restricted)
rElec   .          Harm     .   (no cloak)
rCorr   .          Rampage  .   (no gloves)
Will    .....                   f - +0 pair of boots
Stlth   ++........              (no amulet)
HPRegen 0.20/turn               (no ring)
MPRegen 0.10/turn               (no ring)

@: on berserk cooldown, slowed, very slow
A: breathe fire, AC +6, unfitting armour, fire resistance 1, cold-blooded
a: Breathe Fire, Renounce Religion, Berserk, Trog's Hand


You were on level 7 of the Dungeon.
You worshipped Trog.
Trog was most pleased with you.
You visited 1 branch of the dungeon, and saw 7 of its levels.

You collected 328 gold pieces.

Inventory:

Hand Weapons
 a - a +0 hand axe
 e - a +0 club
 m - a +0 trident of protection
 r - a +1 war axe (weapon)
Missiles
 k - 3 poisoned darts (quivered)
 u - 5 atropa-tipped darts
Armour
 f - a +0 pair of boots (worn)
 v - an orb of guile (worn)
Wands
 j - a wand of mindburst (12)
 n - a wand of flame (15)
 s - a wand of acid (8)
 y - a wand of polymorph (7)
 z - a wand of iceblast (10)
Scrolls
 b - 2 scrolls of immolation
 g - 2 scrolls of fog
 l - a scroll of silence
 p - a scroll of summoning
 q - 3 scrolls of teleportation
 t - a scroll of amnesia {unknown}
 x - a scroll of fear {unknown}
Potions
 c - 6 potions of curing
 d - 2 potions of brilliance {unknown}
 h - 2 potions of flight {unknown}
 i - a potion of heal wounds {unknown}
 o - a potion of might {unknown}
 w - a potion of invisibility {unknown}
 A - a potion of degeneration {unknown}
 C - a potion of attraction {unknown}


   Skills:
 + Level 5.2 Fighting
 + Level 7.3 Axes
 + Level 4.1 Dodging
 + Level 2.0 Stealth


You had 6 spell levels left.
You didn't know any spells.
Your spell library was empty.

Dungeon Overview and Level Annotations

Branches:
Dungeon (7/15)             Temple (0/1) D:5

Altars:
Dithmenos
Hepliaklqana
Wu Jian
Zin

Shops:
D:2 !   D:3 [   D:5 *(

Annotations:
D:7 Prince Ribbit


Innate Abilities, Weirdness & Mutations

You can breathe blasts of fire.
Your fiery red scales are hard. (AC +6)
You cannot fit into any form of body armour.
Your flesh is heat resistant. (rF+)
You are cold-blooded and may be slowed by cold attacks.


Message History

You kill the orc!
Trog accepts your kill. The orc closely misses you.
You barely miss the orc. The orc hits you but does no damage.
Prince Ribbit blinks!
The orc hits you with a +0 short sword.
You hit the orc.
You tail-slap the orc, but do no damage.
The orc is severely wounded.
Prince Ribbit completely misses you. The orc hits you with a +0 short sword.
Prince Ribbit blinks!
You closely miss the orc.
The orc is severely wounded.
The orc misses you.
Prince Ribbit catches a millipede with his tongue.
The orc misses you.
You slash the orc!
You kill the orc!
Trog accepts your kill.
You hit Prince Ribbit.
Prince Ribbit hops awkwardly around.
Prince Ribbit hits you!
Prince Ribbit hits you but does no damage.
Prince Ribbit blinks!
You have got your breath back.
Prince Ribbit catches a centipede with his tongue.
Prince Ribbit misses you. Prince Ribbit barely misses you.
Things that are here:
a +0 dagger; an orc corpse You closely miss Prince Ribbit.
Your tail-slap misses Prince Ribbit.
Prince Ribbit is lightly wounded.
Prince Ribbit hits you! Prince Ribbit barely misses you.
You hit Prince Ribbit.
Prince Ribbit is lightly wounded.
Prince Ribbit hits you!
* * * LOW HITPOINT WARNING * * *
Prince Ribbit misses you.
You slash Prince Ribbit!
Prince Ribbit is heavily wounded.
Prince Ribbit hits you!
You die...

#. #$.
#.##.# ....#
.... ..# #)#
#.# #.# ..
####@###....
#...F.......
#.##<##.....
# #.# .<..
..# ... ####
##


You could see Prince Ribbit.

Vanquished Creatures
  An orc warrior (D:7)
  2 black bears (D:6)
  A phantom (D:5)
  A scorpion (D:5)
  4 orc priests
  A hound (D:6)
  Jessica (D:3)
  Ijyb (D:3)
  3 iguanas (D:5)
  2 orc wizards
  2 adders
  A shadow imp (D:5)
  An ufetubus (D:6)
  A worm (D:3)
  4 dart slugs
  21 orcs
  3 bats
  7 endoplasms
  4 giant cockroaches
  8 goblins
  4 hobgoblins
  4 jackals (D:2)
  7 kobolds
  7 quokkas
  8 ball pythons
  3 frilled lizards
  6 rats
108 creatures vanquished.

Notes
Turn   | Place    | Note
-------+----------+-------------------------------------------
     0 | D:1      | cowcol the Draconian Berserker began the quest for the Orb.
     0 | D:1      | Reached XP level 1. HP: 19/19 MP: 1/1
   269 | D:1      | Reached XP level 2. HP: 26/26 MP: 2/2
   386 | D:1      | Found a faded altar of an unknown god.
   613 | D:1      | Reached XP level 3. HP: 32/33 MP: 3/3
   934 | D:2      | Reached ** piety under Trog
  1247 | D:2      | Found Qiaryll's Distillery.
  1254 | D:2      | Reached skill level 4 in Axes
  1587 | D:2      | Reached XP level 4. HP: 39/40 MP: 4/4
  2155 | D:3      | Noticed Jessica
  2170 | D:3      | Killed Jessica
  2400 | D:3      | Reached XP level 5. HP: 46/46 MP: 5/5
  2502 | D:3      | Noticed Ijyb
  2510 | D:3      | Killed Ijyb
  2577 | D:3      | Found Ciyrpha's Antique Armour Shop.
  3374 | D:4      | Found a large runed translucent door.
  3375 | D:4      | Found a large runed translucent door.
  3556 | D:4      | Found a glowing silver altar of Zin.
  3774 | D:4      | Found a shadowy altar of Dithmenos.
  3788 | D:4      | Found an ornate altar of the Wu Jian Council.
  3837 | D:5      | Entered Level 5 of the Dungeon
  3865 | D:5      | Found Nougavos's Neck Hole.
  3877 | D:5      | Reached skill level 5 in Axes
  3933 | D:5      | Reached skill level 1 in Stealth
  3933 | D:5      | Reached XP level 6. HP: 13/52 MP: 6/6
  4295 | D:5      | Found a staircase to the Ecumenical Temple.
  4338 | D:5      | Reached *** piety under Trog
  4453 | D:5      | Reached skill level 6 in Axes
  4581 | D:5      | Found Depsis's Weapon Shoppe.
  5128 | D:6      | Your scales start taking on a fiery red colour.
  5128 | D:6      | Reached XP level 7. HP: 59/60 MP: 7/7
  5128 | D:6      | Gained mutation: Your flesh is heat resistant. (rF+) [Red
                  | Draconian growth]
  5758 | D:6      | Found a hazy altar of Hepliaklqana.
  5897 | D:7      | Noticed Prince Ribbit
  5903 | D:7      | Reached skill level 5 in Fighting
  5903 | D:7      | Reached skill level 7 in Axes
  5921 | D:7      | Slain by Prince Ribbit

Illustrated notes

Levels and vault maps discovered:
D:1:      dpeg_cavernosity, layout_basic,
          shapermc_ecumenical_altar_mp_highgroup, minmay_misc_feat_plants,
          nrook_campfire, minmay_tall_x
D:2:      layout_basic, serial_shops, shop, minivault_4
D:3:      layout_loops_corners, serial_shops, shop, uniq_ijyb, uniq_jessica
D:4:      layout_basic, mainiacjoe_overflow_alcove_4, jmf_multi_god_temple2,
          minmay_misc_feat_four_crosses, minmay_splitting_lines
D:5:      layout_basic, minmay_temple_entry_sparse_star, serial_shops,
          nicolae_shop_advertising_works [nicolae_subvault_shop_adworks],
          nicolae_shop_sticking_my_neck_out
D:6:      layout_basic, nicolae_hepliaklqana_hippocampus, minmay_liquid_box
D:7:      layout_loops_cross, amcnicky_altar_gilded,
          mainiacjoe_overflow_chevrons, dreamdust_wishing_well,
          corexii_corridor_pit, hex_medium, uniq_prince_ribbit1

Skill      XL: |  1  2  3  4  5  6  7 |
---------------+----------------------+-----
Dodging        | 3 4 |  4.1
Axes           | 4 5 6 7 |  7.3
Fighting       | 4 5 |  5.2
Stealth        | 1 2 |  2.0

Action                   |  1- 3 |  4- 6 |  7- 9 || total
-------------------------+-------+-------+-------++-------
Melee: Hand axe          |   110 |    86 |       ||   196
       Tailslap          |    13 |    14 |     4 ||    31
       War axe           |       |    83 |    27 ||   110
Throw: Dart              |       |     1 |       ||     1
Invok: Berserk           |     3 |     7 |     2 ||    12
 Abil: Breathe Fire      |       |       |     3 ||     3
  Use: Scroll            |     1 |     8 |     2 ||    11
 Stab: Sleeping          |     1 |       |       ||     1
Armor: Skin              |    31 |    58 |     8 ||    97
Dodge: Dodged            |    79 |    93 |    20 ||   192
